 Dungeon Crawl Stone Soup version 0.29.1-4-g47bece8355 (webtiles) character file.

Game seed: 18204871844310907714

434022 IcyTea the Cutthroat (level 23, -26/188 HPs)
             Began as a Gnoll Fighter on Dec 9, 2022.
             Was the Champion of the Shining One.
             Killed from afar by a titan (51 damage)
             ... with a bolt of lightning
             ... on level 4 of the Vaults on Dec 10, 2022.
             The game lasted 05:10:14 (57888 turns).

IcyTea the Cutthroat (Gnoll Fighter)               Turns: 57888, Time: 05:10:14

Health: -26/188    AC: 27    Str: 25    XL:     23   Next: 63%
Magic:  31/43      EV: 20    Int: 21    God:    the Shining One [******]
Gold:   1366       SH: 37    Dex: 28    Spells: 7/54 levels left

rFire   + + .      SeeInvis .   a - +9 eudemon blade (holy)
rCold   + + .      Faith    .   R - +2 kite shield
rNeg    + + +      Spirit   .   B - +5 plate armour {rC+}
rPois   +          Reflect  +   (helmet restricted)
rElec   .          Harm     .   f - scarf {rC+ rF+}
rCorr   +          Rampage  .   T - +0 pair of gloves of Disappointment {rPois Dex+6}
Will    ++...      Clarity  +   Q - +1 pair of boots "Gonkyf" {rCorr Int+5 Dex+4}
Stlth   +.........              H - amulet "Biul" {Reflect Will+ Str+3 SH+5}
HPRegen 0.41/turn               n - ring of Qehes {rF+ rCorr Int+2 Dex+4}
MPRegen 0.28/turn               X - ring "Plog" {rN+ Str+4 Slay+3}

@: divinely shielded, glowing, studying Short Blades
A: fangs 1, strong nose, distributed training, antennae 1, talons 1, clarity
}: 3/15 runes: decaying, abyssal, gossamer
a: Renounce Religion, Divine Shield, Cleansing Flame, Summon Divine Warrior


You were on level 4 of the Vaults.
You worshipped the Shining One.
The Shining One was exalted by your worship.
You visited 8 branches of the dungeon, and saw 39 of its levels.
You visited the Abyss 2 times.
You also visited: Trove and Ice Cave.

You collected 5266 gold pieces.
You spent 3900 gold pieces at shops.

Inventory:

Hand Weapons
 a - a +9 eudemon blade of holy wrath (weapon)
 b - the +7 rapier "Wuizur" {flame, Int+3 Dex+6}
   (You found it in a treasure trove)

   It burns those it strikes, dealing additional fire damage.
   Int:       It affects your intelligence (+3).
   Dex:       It affects your dexterity (+6).
 m - the +6 sling of the Thieving Gods {freeze, rPois Dex+7}
   (You found it on level 2 of the Vaults)

   Any ammunition fired from it freezes those it strikes, dealing additional
   cold damage.
   It can also slow down cold-blooded creatures.
   Dex:       It affects your dexterity (+7).
   rPois:     It protects you from poison.
 P - the +6 mace of Feochor {antimagic, +Blink rN++ Stlth+}
   (You found it on level 4 of the Spider Nest)

   It reduces the magical energy of the wielder, and disrupts the spells and
   magical abilities of those it strikes.
   Natural abilities and divine invocations are not affected.
   rN:        It greatly protects you from negative energy.
   +Blink:    It lets you blink.
   Stlth:     It makes you more stealthy.
 Z - a +4 scimitar of electrocution
Missiles
 c - 3 throwing nets
 S - 3 silver javelins
Armour
 f - a scarf of resistance (worn)
 g - a +1 helmet
 B - a +5 plate armour of cold resistance (worn)
 Q - the +1 pair of boots "Gonkyf" (worn) {rCorr Int+5 Dex+4}
   (You acquired it on level 1 of the Swamp)

   Int:       It affects your intelligence (+5).
   Dex:       It affects your dexterity (+4).
   rCorr:     It protects you from acid and corrosion.
 R - a +2 kite shield (worn)
 T - the +0 pair of gloves of Disappointment (worn) {rPois Dex+6}
   (You found it in an ice cave)

   Dex:       It affects your dexterity (+6).
   rPois:     It protects you from poison.
Jewellery
 n - the ring of Qehes (left hand) {rF+ rCorr Int+2 Dex+4}
   (You acquired it on level 2 of the Depths)

   [ring of protection from fire]

   Int:       It affects your intelligence (+2).
   Dex:       It affects your dexterity (+4).
   rF:        It protects you from fire.
   rCorr:     It protects you from acid and corrosion.
 v - the ring "Tasum" {rF+ Int+3}
   (You found it in an ice cave)

   [ring of protection from fire]

   Int:       It affects your intelligence (+3).
   rF:        It protects you from fire.
 w - a ring of flight
 G - the ring "Bewkem" {Fire rPois rN+++ rCorr Dex-3}
   (You found it on level 5 of the Lair of Beasts)

   [ring of fire]

   It enhances your fire magic.
   Dex:       It affects your dexterity (-3).
   rF:        It protects you from fire.
   rC:        It makes you vulnerable to cold.
   rPois:     It protects you from poison.
   rN:        It renders you almost immune to negative energy.
   rCorr:     It protects you from acid and corrosion.
 H - the amulet "Biul" (around neck) {Reflect Will+ Str+3 SH+5}
   (You bought it in a shop on level 2 of the Depths)

   [amulet of reflection]

   It reflects blocked missile attacks.
   Str:       It affects your strength (+3).
   SH:        It affects your SH (+5).
   Will:      It increases your willpower.
 K - an amulet of regeneration
 X - the ring "Plog" (right hand) {rN+ Str+4 Slay+3}
   (You bought it in a shop on level 10 of the Dungeon)

   [ring of positive energy]

   Str:       It affects your strength (+4).
   Slay:      It affects your accuracy & damage with ranged weapons and melee
   (+3).
   rN:        It protects you from negative energy.
 Y - a ring of see invisible
Wands
 d - a wand of digging (41)
 o - a wand of acid (12)
 u - a wand of polymorph (29)
 A - a wand of charming (21)
 E - a wand of mindburst (8)
 M - a wand of iceblast (14)
 N - a wand of flame (40)
Scrolls
 h - 3 scrolls of poison
 j - 10 scrolls of teleportation
 p - 6 scrolls of butterflies
 r - a scroll of magic mapping
 s - 2 scrolls of immolation
 t - 5 scrolls of fear
 y - a scroll of vulnerability
 I - 2 scrolls of blinking
 U - a scroll of silence
Potions
 i - 5 potions of curing
 l - 7 potions of heal wounds
 q - 7 potions of brilliance
 x - 5 potions of lignification
 D - a potion of berserk rage
 F - 4 potions of resistance
 L - 5 potions of might
 O - 7 potions of ambrosia
 V - 7 potions of magic
 W - 3 potions of cancellation
Miscellaneous
 e - a tin of tremorstones (2/2)
 k - a piece from Xom's chessboard (15/15)
 z - a lightning rod (4/4)
 C - a box of beasts


   Skills:
 + Level 17.4 Fighting
 + Level 22.1 Short Blades
 + Level 16.3 Long Blades
 + Level 16.3 Axes
 + Level 16.9 Maces & Flails
 + Level 16.3 Polearms
 + Level 16.3 Staves
 + Level 16.3 Ranged Weapons
 + Level 16.3 Throwing
 + Level 17.4 Armour
 + Level 16.3 Dodging
 + Level 16.3 Stealth
 + Level 17.4 Shields
 + Level 16.3 Unarmed Combat
 + Level 16.3 Spellcasting
 + Level 13.9 Conjurations
 + Level 13.9 Hexes
 + Level 13.9 Summonings
 + Level 13.9 Necromancy
 + Level 13.9 Translocations
 + Level 13.9 Transmutations
 + Level 13.9 Fire Magic
 + Level 13.9 Ice Magic
 + Level 13.9 Air Magic
 + Level 13.9 Earth Magic
 + Level 13.9 Poison Magic
 + Level 17.7 Invocations
 + Level 16.3 Evocations


You had 7 spell levels left.
You knew the following spells:

 Your Spells              Type           Power      Damage    Failure   Level
a - Blink                 Tloc           100%       N/A       1%          2
b - Conjure Flame         Conj/Fire      66%        6-21      1%          3
c - Stone Arrow           Conj/Erth      100%       3d13      1%          3
d - Manifold Assault      Tloc           66%        N/A       3%          5
e - Animate Armour        Summ/Erth      100%       N/A       1%          4
f - Hailstorm             Conj/Ice       66%        3d14      1%          4
g - Ensorcelled Hibernat  Hex/Ice        100%       N/A       1%          2
h - Irradiate             Conj/Tmut      33%        3d22      3%          5
i - Fulminant Prism       Conj/Hex       33%        3d16      1%          4
j - Fireball              Conj/Fire      33%        3d14      3%          5
k - Summon Forest         Summ/Tloc      33%        N/A       3%          5
l - Lightning Bolt        Conj/Air       33%        1d50      3%          5

Your spell library contained the following spells:

 Spells                   Type           Power      Damage    Failure   Level
 Magic Dart               Conj           100%       1d8       1%          1
 Sandblast                Erth           100%       2d20      1%          1
 Passwall                 Tmut/Erth      55%        N/A       1%          2
 Poisonous Vapours        Pois/Air       100%       N/A       1%          2
 Searing Ray              Conj           100%       2d8       1%          2
 Sublimation of Blood     Necr           66%        N/A       1%          2
 Call Canine Familiar     Summ           66%        N/A       1%          3
 Confusing Touch          Hex            66%        N/A       1%          3
 Dazzling Flash           Conj/Hex       100%       N/A       1%          3
 Ignite Poison            Fire/Tmut/Pois 66%        N/A       1%          3
 Inner Flame              Hex/Fire       66%        N/A       1%          3
 Lesser Beckoning         Tloc           66%        N/A       1%          3
 Ozocubu's Armour         Ice            66%        N/A       1%          3
 Portal Projectile        Hex/Tloc       100%       N/A       1%          3
 Swiftness                Air            66%        N/A       1%          3
 Airstrike                Air            33%        2d(5-21)  1%          4
 Animate Dead             Necr           66%        N/A       1%          4
 Cause Fear               Hex            33%        N/A       1%          4
 Corpse Rot               Necr/Pois/Air  66%        N/A       1%          4
 Ice Form                 Ice/Tmut       66%        N/A       1%          4
 Leda's Liquefaction      Hex/Erth       33%        N/A       1%          4
 Petrify                  Tmut/Erth      66%        N/A       1%          4
 Sticky Flame             Conj/Fire      66%        2d8       1%          4
 Summon Lightning Spire   Summ/Air       66%        N/A       1%          4
 Agony                    Necr           66%        N/A       3%          5
 Blade Hands              Tmut           33%        N/A       3%          5
 Iskenderun's Battlesphe  Conj           66%        2d12      3%          5
 Lee's Rapid Deconstruct  Erth           33%        3d18*     3%          5
 Silence                  Hex/Air        33%        N/A       3%          5
 Summon Mana Viper        Hex/Summ       66%        N/A       3%          5
 Yara's Violent Unravell  Hex/Tmut       33%        3d14      3%          5
 Conjure Ball Lightning   Conj/Air       33%        3x3d11    17%         6
 Iron Shot                Conj/Erth      33%        9d7       17%         6
 Simulacrum               Ice/Necr       33%        N/A       17%         6
 Statue Form              Tmut/Erth      44%        N/A       17%         6
 Summon Cactus Giant      Summ           33%        N/A       17%         6
 Enfeeble                 Hex            33%        N/A       67%         7
 Haunt                    Necr/Summ      33%        N/A       67%         7
 Orb of Destruction       Conj           33%        9d10      67%         7
 Ozocubu's Refrigeration  Ice            33%        4d14      67%         7
 Discord                  Hex            33%        N/A       100%        8
 Infestation              Necr           33%        N/A       100%        8
 Lehudib's Crystal Spear  Conj/Erth      33%        10d8      100%        8


Dungeon Overview and Level Annotations

Branches:
Dungeon (15/15)            Temple (1/1) D:5            Lair (5/5) D:11
  Swamp (4/4) Lair:3       Spider (4/4) Lair:2        Slime (0/5) Lair:4
    Orc (0/2) D:9          Vaults (5/5) D:14          Crypt (1/3) Vaults:2
 Depths (4/4) D:15          IceCv (visited)
    Zot: Depths:4

Altars:
Ashenzari
Cheibriados
Dithmenos
Elyvilon
Fedhas
Gozag
Hepliaklqana
Kikubaaqudgha
Makhleb
Nemelex Xobeh
Okawaru
Qazlal
Ru
Sif Muna
Trog
Uskayaw
Vehumet
Wu Jian
Xom
Yredelemnul
Zin
The Shining One

Shops:
D:10 =*   D:13 *   Vaults:3 [   Vaults:4 *(!   Depths:1 *=:!   Depths:2 =

Portals:
Hell: Depths:1* Depths:2 Depths:3
Abyss: Depths:2 Depths:3
Pandemonium: Depths:2
Ziggurat: Depths:2

Annotations:
Depths:3 Parghit


Innate Abilities, Weirdness & Mutations

You have very sharp teeth.
Your uncanny sense of smell can sniff out nearby items.
Your experience applies equally to all skills.
You have a pair of small antennae on your head.
You have sharp toenails.
You possess an exceptional clarity of mind.


Message History

You kill the ironbound convoker!
The titan gestures at you while chanting.
The bolt of lightning misses you.
The bolt of lightning hits the titan.
The titan completely resists.
You block the stone giant's attack. You block the titan's attack.
The deep elf annihilator points at you and mumbles some strange words.
The poison arrow hits you!
You are poisoned.
You partially resist.
* * * LOW HITPOINT WARNING * * *
Activating: Cleansing Flame (0% risk of failure)
Press: ? - help, Dir - look around, f - activate The golden flame engulfs you but does no damage.
You resist.
The golden flame engulfs the titan but does no damage.
The titan is moderately wounded.
The golden flame engulfs the stone giant!!!
The stone giant is severely wounded.
The golden flame engulfs the titan!
The titan is heavily wounded.
The golden flame engulfs the deep elf annihilator!!!
The deep elf annihilator is severely wounded.
You feel very sick. You block the titan's attack.
You block the stone giant's attack. You block the titan's attack.
The deep elf annihilator points at you and mumbles some strange words.
The iron shot hits you!!
* * * LOW HITPOINT WARNING * * *
Blink to where?
Press: ? - help, Dir - move target
As you read the scroll of blinking, it crumbles to dust.
You feel sick.
You feel sick.
There is an open gate here.
You feel sick.
You feel better.
There is an open door here.
The titan casts a spell at you. The bolt of lightning hits you!!!
You die...

#########C###### #
#..C....## #
##.......## #
##.......## #
##.......## #
##.......##
##.......## ##.......#
### ###########@#####
##.# #.......##.....#
##... #...[...##.....#
#...# #.......##.....#
##.## ###
#.......##.....#
##...# ..#
#...[...##.....#
#..... ..#
#.......##.....#
##...#
..##########'##.....#
##.##
..'...'...'...###'#+##
#...#


You could see a titan (strong).

Vanquished Creatures
  An ancient lich (Vaults:5)
  Mennas (Crypt:1)
  Sojobo (Vaults:4)
  A shard shrike (IceCv)
  Frederick (Crypt:1)
  A caustic shrike (Depths:2)
  The ghost of ChadusMaximus the Slayer, an adept MiFi of Okawaru (Depths:1)
  Arachne (Spider:2)
  A golden dragon (Depths:2)
  A walking crystal tome (Depths:2)
  2 hellephants (Depths:3)
  Jorgrun (D:12)
  4 titans
  A tentacled starspawn (Abyss:6)
  3 sphinxes
  An Executioner (Abyss:6)
  Kirke (Spider:4)
  Agnes (D:15)
  5 tengu reavers
  A fenstrider witch (Swamp:3)
  A storm dragon (Depths:2)
  A thorn hunter (Swamp:3)
  8 emperor scorpions
  5 vault wardens
  A draconian scorcher (Abyss:3)
  5 ghost moths
  4 fire giants
  A deep elf sorcerer (Vaults:4)
  4 frost giants
  Aizul (Swamp:4)
  A curse skull (Crypt:1)
  A cacodemon (Depths:2)
  A spriggan defender (Depths:2)
  4 ghouls
  16 ironbound preservers
  16 very ugly things
  4 war gargoyles
  11 stone giants
  8 ironbound thunderhulks
  2 entropy weavers
  2 vampire knights
  2 eleionomae
  3 bunyips
  Azrael (D:13)
  A lorocyproca (Abyss:5)
  A white draconian (IceCv)
  A purple draconian (Abyss:4)
  6 dire elephants
  10 spark wasps
  4 deep elf death magi
  2 crystal guardians
  6 ettins
  A merfolk javelineer (Depths:3)
  2 jiangshi (Crypt:1)
  3 fire dragons
  9 great orbs of eyes
  10 yaktaur captains
  2 rakshasas
  23 hydras
  2 ogre magi (Vaults:5)
  7 boulder beetles
  31 vault guards
  A hydra (shapeshifter) (Depths:2)
  2 catoblepae (Lair:5)
  A juggernaut simulacrum (Depths:1)
  3 spriggan air magi
  4 ice dragons
  8 two-headed ogres
  9 ironbound frosthearts
  5 radroaches
  2 ghost crabs
  18 centaur warriors
  3 peacekeepers
  2 death knights (Crypt:1)
  A deep troll shaman (Depths:1)
  10 alligators
  9 tengu warriors
  5 deep troll earth magi
  6 hell hogs (Depths:3)
  8 death yaks (Lair:5)
  5 spriggan berserkers
  4 vampire magi
  5 thrashing horrors
  5 hell knights (Depths:3)
  Urug (Lair:2)
  6 iron trolls
  A storm dragon zombie (Depths:1)
  A sun demon (Depths:2)
  The ghost of daba11 the Cleaver, a novice MiBe of Trog (D:8)
  3 shadow wraiths (Abyss:3)
  2 salamander mystics (Depths:3)
  57 deep trolls
  11 skeletal warriors
  4 wretched stars
  2 spatial maelstroms (Abyss:6)
  A golden dragon zombie (Crypt:1)
  3 sixfirhies
  5 pharaoh ants
  A death drake (Swamp:2)
  3 flayed ghosts
  2 steelbarb worms (shapeshifter)
  2 spriggan druids (Swamp:3)
  2 shadow demons (Abyss:3)
  13 bog bodies
  6 glowing orange brains
  6 goliath frogs
  6 steelbarb worms
  7 lindwurms
  10 wizards
  3 phantasmal warriors
  7 swamp dragons (Swamp:4)
  18 orb spiders
  A sphinx zombie (Vaults:3)
  A fire giant zombie (Vaults:1)
  18 ironbound convokers
  An orange crystal statue (IceCv)
  A deep elf pyromancer (D:14)
  6 necromancers
  A harpy (shapeshifter) (Abyss:3)
  10 harpies
  7 cyclopes
  A tengu skeleton (Depths:1)
  14 wolf spiders
  53 ugly things
  4 wolf spider zombies (D:14)
  A shadow dragon skeleton (Crypt:1)
  2 oklob plants (Lair:2)
  8 manticores
  4 will-o-the-wisps
  A human zombie (Vaults:3)
  2 moths of wrath
  2 worldbinders
  22 elephants
  6 salamanders
  8 centaur zombies (D:14)
  Maurice (D:8)
  A smoke demon (Abyss:6)
  A dire elephant zombie (Crypt:1)
  20 vault sentinels
  An elf skeleton (Vaults:1)
  A molten gargoyle (Depths:1)
  A black mamba (shapeshifter) (Abyss:4)
  3 black mambas (Lair:5)
  6 torpor snails
  4 gargoyles
  13 cane toads
  A yaktaur zombie (Vaults:1)
  9 komodo dragons
  20 yaktaurs
  A kobold demonologist (D:10)
  An unseen horror (D:12)
  2 efreet
  An unseen horror zombie (Crypt:1)
  17 rime drakes (IceCv)
  5 demonic crawlers
  A hellwing (Depths:2)
  An ice devil (Depths:2)
  2 ancient zymes
  6 freezing wraiths
  A yaktaur skeleton (Vaults:1)
  13 polar bears
  A bloated husk (Swamp:1)
  7 trolls
  8 tyrant leeches
  A meliai (Abyss:5)
  Prince Ribbit (D:7)
  15 tarantellas
  A wind drake (shapeshifter) (Abyss:3)
  2 dream sheep (Lair:5)
  33 blink frogs
  14 hornets
  A dream sheep (shapeshifter) (Vaults:3)
  A meliai zombie (D:14)
  25 slime creatures
  A jumping spider (shapeshifter) (Abyss:3)
  8 raiju
  4 small abominations
  19 culicivoras
  33 jumping spiders
  13 large abominations
  7 wyverns
  4 vampires
  A shadow (D:14)
  6 flying skulls (Crypt:1)
  An ettin skeleton (Depths:1)
  A centaur simulacrum (D:15)
  3 spriggans (Swamp:1)
  3 ynoxinuls
  7 wraiths
  20 yaks
  3 fire elementals
  5 hogs (Spider:4)
  2 steam dragons
  3 basilisks
  23 vampire mosquitoes
  7 chaos spawn (Abyss:6)
  4 neqoxecs
  58 redbacks
  Menkaure (D:4)
  12 swamp worms
  5 acid dragons
  5 hell hounds
  7 water moccasins
  A human skeleton (Vaults:3)
  5 swamp drakes (Swamp:4)
  6 orc warriors
  A floating eye zombie (Crypt:1)
  A sky beast (D:7)
  9 black bears
  The ghost of peterlawrence the Shield-Bearer, an amateur MiFi (D:3)
  2 ettin simulacra (Vaults:1)
  An ice beast (D:5)
  23 wolves
  11 ogres
  11 centaurs
  4 phantoms
  7 kobold brigands
  Blork the orc (D:6)
  2 gnoll sergeants (D:9)
  4 necrophages
  3 scorpions
  16 bullfrogs
  5 wights (D:8)
  6 killer bees
  10 howler monkeys
  6 electric eels
  4 starcursed masses
  A wolf skeleton (Crypt:1)
  3 hounds
  A jelly (D:6)
  A gnoll bouda (D:3)
  7 orc priests
  2 iguanas (D:4)
  Terence (D:2)
  10 orc wizards
  An ogre skeleton (Crypt:1)
  11 gnolls
  2 adders
  A shadow imp (D:8)
  A white imp (D:8)
  2 ufetubi
  3 worms
  5 dart slugs
  37 orcs
  5 bats
  6 endoplasms
  2 giant cockroaches (D:1)
  9 goblins
  5 hobgoblins
  7 jackals
  11 kobolds
  2 quokkas
  3 ball pythons (D:1)
  A ball python skeleton (Crypt:1)
  A frilled lizard (D:1)
  2 rats
  A lurking horror (Abyss:6)
1521 creatures vanquished.

Vanquished Creatures (collateral kills)
  A caustic shrike (Depths:2)
  Nikola (Swamp:2)
  An emperor scorpion (Spider:4)
  A very ugly thing (Vaults:4)
  An ironbound preserver (Vaults:4)
  A hydra (Swamp:4)
  An alligator (Swamp:2)
  A deep troll earth mage (Depths:2)
  3 skeletal warriors (Crypt:1)
  2 ugly things
  A frost giant zombie (Crypt:1)
  4 rime drakes (IceCv)
  A tyrant leech (Lair:5)
  2 polar bears (IceCv)
  An ice dragon zombie (Crypt:1)
  A harpy skeleton (Crypt:1)
  3 jumping spiders (Spider:4)
  A ynoxinul (Abyss:6)
  A wraith (Crypt:1)
  3 redbacks (Spider:4)
  A swamp drake (Swamp:4)
  A shapeshifter zombie (Crypt:1)
33 creatures vanquished.

Vanquished Creatures (others)
  A hydra (D:13)
  A goliath frog (Swamp:4)
  2 bog bodies (Swamp:4)
  A swamp dragon (Swamp:2)
  A lindwurm (Lair:5)
  2 bloated husks
  A tyrant leech (Swamp:2)
  A jumping spider (Spider:3)
  A culicivora (Spider:3)
  3 golden eyes (Abyss:6)
  A swamp drake (Swamp:4)
  An orc wizard (D:13)
  2 briar patches (Swamp:3)
  2 bushes
  6 demonic plants (Abyss:3)
  23 foxfires
  3 fulminant prisms
  58 fungi
  2 lurking horrors
  86 plants
  10 starspawn tentacles
  2 withered plants (D:14)
210 creatures vanquished.

Grand Total: 1764 creatures vanquished

Notes
Turn   | Place    | Note
-------+----------+-------------------------------------------
     0 | D:1      | IcyTea the Gnoll Fighter began the quest for the Orb.
     0 | D:1      | Reached XP level 1. HP: 23/23 MP: 1/1
    32 | D:1      | Found a faded altar of an unknown god.
    92 | D:1      | Reached XP level 2. HP: 29/29 MP: 2/2
   359 | D:1      | Reached XP level 3. HP: 26/35 MP: 3/3
   642 | D:1      | Reached skill level 1 in Invocations
  1217 | D:2      | Reached skill level 1 in Short Blades
  1217 | D:2      | Reached skill level 1 in Long Blades
  1217 | D:2      | Reached skill level 1 in Axes
  1217 | D:2      | Reached skill level 1 in Polearms
  1217 | D:2      | Reached skill level 1 in Staves
  1217 | D:2      | Reached skill level 1 in Ranged Weapons
  1217 | D:2      | Reached skill level 1 in Throwing
  1217 | D:2      | Reached skill level 1 in Dodging
  1217 | D:2      | Reached skill level 1 in Stealth
  1217 | D:2      | Reached skill level 1 in Unarmed Combat
  1217 | D:2      | Reached skill level 1 in Spellcasting
  1217 | D:2      | Reached skill level 1 in Evocations
  1277 | D:2      | Noticed Terence
  1293 | D:2      | Killed Terence
  1294 | D:2      | Reached XP level 4. HP: 30/41 MP: 5/5
  1629 | D:2      | Reached skill level 1 in Conjurations
  1629 | D:2      | Reached skill level 1 in Hexes
  1629 | D:2      | Reached skill level 1 in Summonings
  1629 | D:2      | Reached skill level 1 in Necromancy
  1629 | D:2      | Reached skill level 1 in Translocations
  1629 | D:2      | Reached skill level 1 in Transmutations
  1629 | D:2      | Reached skill level 1 in Fire Magic
  1629 | D:2      | Reached skill level 1 in Ice Magic
  1629 | D:2      | Reached skill level 1 in Air Magic
  1629 | D:2      | Reached skill level 1 in Earth Magic
  1629 | D:2      | Reached skill level 1 in Poison Magic
  2566 | D:3      | Found an iron altar of Okawaru.
  2567 | D:3      | Found a white marble altar of Elyvilon.
  2567 | D:3      | Found an ornate altar of the Wu Jian Council.
  2568 | D:3      | Found a blossoming altar of Fedhas.
  2599 | D:3      | Became a worshipper of Elyvilon the Healer
  2726 | D:3      | Found a transporter.
  3082 | D:3      | Reached * piety under Elyvilon
  3096 | D:3      | Found a transporter.
  3104 | D:3      | Noticed peterlawrence's ghost (amateur MiFi)
  3301 | D:4      | Noticed Menkaure
  3310 | D:4      | Elyvilon protects you from harm!
  3311 | D:4      | HP: 1/41 [Menkaure (9)]
  3312 | D:4      | Killed Menkaure
  3313 | D:4      | Reached XP level 5. HP: 1/47 MP: 5/7
  3587 | D:4      | Gained mutation: You are frail. (-10% HP) [potion of
                  | mutation]
  3587 | D:4      | Gained mutation: Armour fits poorly on your strangely
                  | shaped body. [potion of mutation]
  3587 | D:4      | Gained mutation: Your muscles are strong. (Str +4, Int/Dex
                  | -1) [potion of mutation]
  3587 | D:4      | Gained mutation: You expend magic power (3 MP) to
                  | strengthen your wands. [potion of mutation]
  3588 | D:4      | Lost mutation: Your muscles are strong. (Str +4, Int/Dex
                  | -1) [potion of mutation]
  3588 | D:4      | Lost mutation: You expend magic power (3 MP) to strengthen
                  | your wands. [potion of mutation]
  3588 | D:4      | Lost mutation: Armour fits poorly on your strangely shaped
                  | body. [potion of mutation]
  3588 | D:4      | Gained mutation: You occasionally lose the ability to drink
                  | potions when taking damage. [potion of mutation]
  3588 | D:4      | Gained mutation: Potions are less effective at restoring
                  | your health. [potion of mutation]
  3588 | D:4      | Gained mutation: You have a pair of small antennae on your
                  | head. [potion of mutation]
  3588 | D:4      | Gained mutation: Your system is resistant to poisons.
                  | (rPois) [potion of mutation]
  3589 | D:4      | Lost mutation: You occasionally lose the ability to drink
                  | potions when taking damage. [potion of mutation]
  3589 | D:4      | Lost mutation: You have a pair of small antennae on your
                  | head. [potion of mutation]
  3589 | D:4      | Gained mutation: You occasionally lose the ability to drink
                  | potions when taking damage. [potion of mutation]
  3596 | D:4      | Noticed a phantom
  3605 | D:4      | Killed a phantom
  3606 | D:4      | Reached skill level 2 in Short Blades
  3606 | D:4      | Reached skill level 5 in Maces & Flails
  3606 | D:4      | Reached XP level 6. HP: 47/47 MP: 7/9
  3923 | D:4      | Lost mutation: Potions are less effective at restoring your
                  | health. [potion of mutation]
  3923 | D:4      | Lost mutation: You are frail. (-10% HP) [potion of
                  | mutation]
  3923 | D:4      | Lost mutation: You occasionally lose the ability to drink
                  | potions when taking damage. [potion of mutation]
  3923 | D:4      | Gained mutation: You are robust. (+10% HP) [potion of
                  | mutation]
  3923 | D:4      | Gained mutation: You have large cloven feet. [potion of
                  | mutation]
  3923 | D:4      | Gained mutation: You are partially covered in iridescent
                  | scales. (AC +2) [potion of mutation]
  3923 | D:4      | Gained mutation: You are agile. (Dex +4, Str/Int -1)
                  | [potion of mutation]
  4105 | D:4      | Reached ** piety under Elyvilon
  4181 | D:4      | Found a glowing golden altar of the Shining One.
  4291 | D:4      | Reached XP level 7. HP: 52/66 MP: 10/10
  4628 | D:5      | Entered Level 5 of the Dungeon
  4963 | D:5      | Found a staircase to the Ecumenical Temple.
  4988 | Temple   | Entered the Ecumenical Temple
  5436 | D:5      | Reached skill level 3 in Short Blades
  5436 | D:5      | Reached XP level 8. HP: 67/73 MP: 12/12
  5660 | D:3      | Killed peterlawrence's ghost
  6628 | D:6      | Noticed Blork the orc
  6639 | D:6      | Killed Blork the orc
  6640 | D:6      | Reached skill level 4 in Short Blades
  6933 | D:6      | Reached XP level 9. HP: 73/80 MP: 13/15
  6970 | D:6      | Reached *** piety under Elyvilon
  7508 | D:7      | Noticed Prince Ribbit
  7513 | D:7      | Reached skill level 5 in Short Blades
  7527 | D:7      | Killed Prince Ribbit
  7744 | D:7      | Reached skill level 5 in Invocations
  8349 | D:8      | Noticed Maurice
  8373 | D:8      | Killed Maurice
  8374 | D:8      | Reached skill level 6 in Short Blades
  8451 | D:8      | Reached skill level 5 in Long Blades
  8451 | D:8      | Reached skill level 5 in Axes
  8451 | D:8      | Reached skill level 5 in Polearms
  8451 | D:8      | Reached skill level 5 in Staves
  8451 | D:8      | Reached skill level 5 in Ranged Weapons
  8451 | D:8      | Reached skill level 5 in Throwing
  8451 | D:8      | Reached skill level 5 in Dodging
  8451 | D:8      | Reached skill level 5 in Stealth
  8451 | D:8      | Reached skill level 5 in Unarmed Combat
  8451 | D:8      | Reached skill level 5 in Spellcasting
  8451 | D:8      | Reached skill level 5 in Evocations
  8451 | D:8      | Reached XP level 10. HP: 44/89 MP: 17/17
  8723 | D:8      | Found a transporter.
  8724 | D:8      | Noticed daba11's ghost (novice MiBe)
  8830 | D:8      | Found a transporter.
  8906 | D:8      | Reached **** piety under Elyvilon
  9430 | D:8      | Found an ancient bone altar of Kikubaaqudgha.
  9558 | D:8      | Reached skill level 7 in Short Blades
  9588 | D:8      | Killed daba11's ghost
 10009 | D:9      | Noticed a two-headed ogre
 10015 | D:9      | Killed a two-headed ogre
 10025 | D:9      | Learned a level 2 spell: Blink
 10029 | D:9      | Learned a level 3 spell: Conjure Flame
 10033 | D:9      | Learned a level 3 spell: Stone Arrow
 10151 | D:9      | Found a staircase to the Orcish Mines.
 10175 | D:9      | Reached skill level 5 in Conjurations
 10175 | D:9      | Reached skill level 5 in Hexes
 10175 | D:9      | Reached skill level 5 in Summonings
 10175 | D:9      | Reached skill level 5 in Necromancy
 10175 | D:9      | Reached skill level 5 in Translocations
 10175 | D:9      | Reached skill level 5 in Transmutations
 10175 | D:9      | Reached skill level 5 in Fire Magic
 10175 | D:9      | Reached skill level 5 in Ice Magic
 10175 | D:9      | Reached skill level 5 in Air Magic
 10175 | D:9      | Reached skill level 5 in Earth Magic
 10175 | D:9      | Reached skill level 5 in Poison Magic
 10184 | D:9      | Reached XP level 11. HP: 63/97 MP: 18/20
 10186 | D:9      | Reached skill level 8 in Short Blades
 10584 | D:9      | Learned a level 5 spell: Manifold Assault
 10984 | D:10     | Entered Level 10 of the Dungeon
 11081 | D:10     | Found Bink's One-of-a-Kind Rings.
 11112 | D:10     | Bought the ring "Plog" {rN+ Str+4 Slay+3} for 528 gold
                  | pieces
 11589 | D:10     | Found Noduc's Assorted Antiques.
 11693 | D:10     | Noticed a sixfirhy
 12183 | D:11     | Noticed a two-headed ogre
 12192 | D:11     | Killed a two-headed ogre
 12205 | D:11     | Reached skill level 9 in Short Blades
 12828 | D:11     | Noticed a cyclops
 12866 | D:11     | Killed a cyclops
 13208 | D:11     | Identified the ring of Atuesut {Fire Slay+2}
 13339 | D:11     | Found a staircase to the Lair.
 13348 | D:11     | Reached XP level 12. HP: 85/106 MP: 22/22
 13677 | D:12     | Noticed a boulder beetle
 13677 | D:12     | Noticed a boulder beetle
 13677 | D:12     | Noticed Jorgrun
 13705 | D:12     | Killed a boulder beetle
 13709 | D:12     | Killed Jorgrun
 13710 | D:12     | Reached skill level 10 in Fighting
 13710 | D:12     | Reached skill level 10 in Short Blades
 13710 | D:12     | Reached skill level 10 in Armour
 13710 | D:12     | Reached skill level 10 in Shields
 13728 | D:12     | Noticed a tengu warrior
 14044 | D:12     | Killed a boulder beetle
 14049 | D:12     | Killed a tengu warrior
 14251 | D:12     | Noticed a two-headed ogre
 14256 | D:12     | Killed a two-headed ogre
 14310 | D:12     | Noticed a centaur warrior
 14320 | D:12     | Killed a centaur warrior
 14501 | D:12     | Noticed a six-headed hydra
 14507 | D:12     | Killed a three-headed hydra
 14508 | D:12     | Reached skill level 11 in Short Blades
 14508 | D:12     | Reached XP level 13. HP: 96/114 MP: 25/25
 14534 | D:12     | Identified the amulet of Kotoh {Spirit Rampage SInv}
 16110 | D:13     | Found Vadus's Assorted Antiques.
 16113 | D:13     | Identified the +3 leather armour of a ziggurat {Will+}
 16133 | D:13     | Noticed Azrael
 16415 | Lair:1   | Entered Level 1 of the Lair of Beasts
 17392 | Lair:2   | Noticed Urug
 17403 | Lair:2   | Killed Urug
 17458 | Lair:1   | Reached skill level 10 in Maces & Flails
 17642 | Lair:1   | Reached skill level 12 in Short Blades
 17720 | Lair:2   | You fall into a shaft and drop 1 floor!
 17720 | Lair:3   | Found a staircase to the Swamp.
 17853 | Lair:2   | Found a hole to the Spider Nest.
 17879 | Lair:2   | Reached ***** piety under Elyvilon
 18296 | Lair:2   | Found a blossoming altar of Fedhas.
 19025 | Lair:3   | Reached skill level 10 in Invocations
 19025 | Lair:3   | Reached XP level 14. HP: 124/124 MP: 27/27
 19705 | Lair:4   | Found a staircase to the Slime Pits.
 19821 | Lair:4   | Found a glowing silver altar of Zin.
 20518 | Lair:5   | Entered Level 5 of the Lair of Beasts
 20689 | Lair:5   | Reached skill level 13 in Short Blades
 20694 | Lair:5   | Reached ****** piety under Elyvilon
 21219 | Lair:5   | Reached skill level 10 in Long Blades
 21219 | Lair:5   | Reached skill level 10 in Axes
 21219 | Lair:5   | Reached skill level 10 in Polearms
 21219 | Lair:5   | Reached skill level 10 in Staves
 21219 | Lair:5   | Reached skill level 10 in Ranged Weapons
 21219 | Lair:5   | Reached skill level 10 in Throwing
 21219 | Lair:5   | Reached skill level 10 in Dodging
 21219 | Lair:5   | Reached skill level 10 in Stealth
 21219 | Lair:5   | Reached skill level 10 in Unarmed Combat
 21219 | Lair:5   | Reached skill level 10 in Spellcasting
 21219 | Lair:5   | Reached skill level 10 in Evocations
 21298 | Lair:5   | Found a runed translucent door.
 21446 | Lair:5   | Reached XP level 15. HP: 121/132 MP: 29/29
 21488 | Lair:5   | Identified the ring "Bewkem" {Fire rPois rN+++ rCorr Dex-3}
 21720 | Lair:5   | Learned a level 4 spell: Animate Armour
 22256 | Lair:5   | Reached skill level 14 in Short Blades
 22822 | Swamp:1  | Entered Level 1 of the Swamp
 22923 | Swamp:1  | Identified a scroll of acquirement
 22983 | Swamp:1  | Acquired the +1 pair of boots "Gonkyf" {rCorr Int+5 Dex+4}
 23243 | Swamp:1  | Identified the +3 leather armour "Baoduu Pouh" {Rampage rF+
                  | rN+ MP+9}
 23335 | Swamp:1  | Noticed a ghoul
 23349 | Swamp:1  | Killed a ghoul
 24137 | Swamp:2  | Noticed Nikola
 24174 | Swamp:2  | Killed Nikola
 24574 | Swamp:3  | Found a frozen archway.
 24622 | Swamp:3  | Reached XP level 16. HP: 63/141 MP: 14/30
 24800 | IceCv    | Entered an ice cave
 24999 | IceCv    | Reached skill level 15 in Short Blades
 25232 | IceCv    | Identified the +0 pair of gloves of Disappointment {rPois
                  | Dex+6}
 25579 | IceCv    | Noticed a shard shrike
 25582 | IceCv    | HP: 4/141 [shard shrike (50)]
 25591 | IceCv    | Elyvilon protects you from harm!
 25594 | IceCv    | HP: 2/141 [shard shrike/shard of ice (43)]
 25595 | IceCv    | Killed a shard shrike
 26009 | IceCv    | Found the +10 Black Knight's barding {ponderous, rPois rN+}
 26063 | IceCv    | Identified the ring "Tasum" {rF+ Int+3}
 26790 | Swamp:3  | Noticed a thorn hunter
 26814 | Swamp:3  | Killed a thorn hunter
 27150 | Swamp:3  | Noticed a fenstrider witch
 27156 | Swamp:3  | Killed a fenstrider witch
 27235 | Swamp:4  | Entered Level 4 of the Swamp
 27365 | Swamp:4  | Reached XP level 17. HP: 52/150 MP: 17/32
 27545 | Swamp:4  | Reached skill level 16 in Short Blades
 27545 | Swamp:4  | Reached skill level 10 in Conjurations
 27545 | Swamp:4  | Reached skill level 10 in Hexes
 27545 | Swamp:4  | Reached skill level 10 in Summonings
 27545 | Swamp:4  | Reached skill level 10 in Necromancy
 27545 | Swamp:4  | Reached skill level 10 in Translocations
 27545 | Swamp:4  | Reached skill level 10 in Transmutations
 27545 | Swamp:4  | Reached skill level 10 in Fire Magic
 27545 | Swamp:4  | Reached skill level 10 in Ice Magic
 27545 | Swamp:4  | Reached skill level 10 in Air Magic
 27545 | Swamp:4  | Reached skill level 10 in Earth Magic
 27545 | Swamp:4  | Reached skill level 10 in Poison Magic
 27571 | Swamp:4  | Noticed Aizul
 27603 | Swamp:4  | Killed Aizul
 27698 | Swamp:4  | Identified the +10 arbalest "Raikk" {venom, Int-2 Dex+6}
 27795 | Swamp:4  | Got a decaying rune of Zot
 28299 | Spider:1 | Entered Level 1 of the Spider Nest
 29791 | Spider:2 | Elyvilon protects you from harm!
 30056 | Spider:2 | Noticed Arachne
 30084 | Spider:2 | Killed Arachne
 30430 | Spider:2 | Reached XP level 18. HP: 158/159 MP: 34/34
 30435 | Spider:2 | Learned a level 4 spell: Hailstorm
 30863 | Spider:3 | Reached skill level 17 in Short Blades
 32184 | Spider:4 | Entered Level 4 of the Spider Nest
 32184 | Spider:4 | Noticed Kirke
 32239 | Spider:4 | Killed Kirke
 32461 | Spider:4 | HP: 7/153 [pharaoh ant (2)]
 32632 | Spider:4 | Identified the +6 mace of Feochor {antimagic, +Blink rN++
                  | Stlth+}
 33557 | Spider:4 | Got a gossamer rune of Zot
 33804 | D:13     | Bought a scroll labelled BUN GEATODAE for 25 gold pieces
 33839 | D:13     | Killed Azrael
 34123 | D:13     | Learned a level 2 spell: Ensorcelled Hibernation
 34144 | D:13     | Learned a level 5 spell: Irradiate
 34660 | Abyss:2  | Cast into level 2 of the Abyss (a wizard)
 34856 | Abyss:3  | Reached XP level 19. HP: 118/168 MP: 23/36
 34882 | Abyss:3  | Reached skill level 18 in Short Blades
 35045 | Abyss:3  | Noticed a bone dragon
 35187 | Abyss:4  | Gained mutation: Your body often deteriorates upon taking
                  | damage. [a neqoxec]
 35209 | D:14     | Escaped the Abyss
 35473 | D:14     | Found a gate to the Vaults.
 35869 | D:15     | Entered Level 15 of the Dungeon
 36073 | D:15     | Noticed Agnes
 36086 | D:15     | Killed Agnes
 36228 | D:15     | Learned a level 4 spell: Fulminant Prism
 36748 | D:15     | Found a staircase to the Depths.
 36959 | Depths:1 | Entered Level 1 of the Depths
 36994 | Depths:1 | Found a faded altar of an unknown god.
 37038 | Depths:1 | Found a stormy altar of Qazlal.
 37367 | D:4      | Fell from the grace of Elyvilon
 37367 | D:4      | Became a worshipper of the Shining One
 37367 | D:4      | Reached * piety under the Shining One
 37367 | D:4      | Reached ** piety under the Shining One
 37367 | D:4      | Reached *** piety under the Shining One
 37746 | Depths:1 | Found Roomysmoa's Jewellery Boutique.
 37748 | Depths:1 | Found Doklivatz's General Store.
 37750 | Depths:1 | Found Papur's Book Boutique.
 37753 | Depths:1 | Found Moev's Distillery.
 37773 | Depths:1 | Bought a book of the Spheres for 1242 gold pieces
 37779 | Depths:1 | Learned a level 5 spell: Fireball
 37785 | Depths:1 | Learned a level 5 spell: Summon Forest
 37877 | Depths:1 | Reached skill level 15 in Fighting
 37877 | Depths:1 | Reached skill level 15 in Armour
 37877 | Depths:1 | Reached skill level 15 in Shields
 38001 | Depths:1 | Found a gateway to Hell.
 38107 | Depths:1 | Found a large runed translucent door.
 38107 | Depths:1 | Found a large runed translucent door.
 38108 | Depths:1 | Noticed ChadusMaximus's ghost (adept MiFi)
 38250 | Depths:1 | Killed ChadusMaximus's ghost
 39004 | Depths:2 | Found Geqiuh's Jewellery Emporium.
 39010 | Depths:2 | Bought the amulet "Biul" {Reflect Will+ Str+3 SH+5} for 489
                  | gold pieces
 39198 | Depths:2 | Reached **** piety under the Shining One
 39207 | Depths:2 | Lost mutation: You are robust. (+10% HP) [a cacodemon]
 39252 | Depths:2 | Found a one-way gate leading to the halls of Pandemonium.
 39336 | Depths:2 | Reached skill level 15 in Invocations
 39553 | Depths:2 | Found a broken altar of Ashenzari.
 39673 | Depths:2 | Found a one-way gateway to a ziggurat.
 39727 | Depths:2 | Found a one-way gate to the infinite horrors of the Abyss.
 39948 | Depths:2 | Reached XP level 20. HP: 162/162 MP: 37/37
 39973 | Depths:2 | Noticed a caustic shrike
 39986 | Depths:2 | Killed a caustic shrike
 40285 | Depths:2 | Reached skill level 19 in Short Blades
 40291 | Depths:2 | Learned a level 5 spell: Lightning Bolt
 40888 | Depths:2 | Noticed a caustic shrike
 40894 | Depths:2 | Killed a caustic shrike
 40896 | Depths:2 | Noticed a golden dragon
 40906 | Depths:2 | HP: 7/162 [storm dragon/bolt of lightning (36)]
 41574 | Depths:2 | Killed a golden dragon
 41657 | Depths:2 | Identified the +0 robe of Qiwix {rPois rF+ rC++ Dex+3}
 41664 | Depths:2 | Acquired 640 gold pieces
 41668 | Depths:2 | Acquired the ring of Qehes {rF+ rCorr Int+2 Dex+4}
 42941 | Depths:3 | Noticed a hellephant
 42945 | Depths:3 | Noticed a hellephant
 42961 | Depths:3 | Killed a hellephant
 42972 | Depths:3 | Killed a hellephant
 43210 | Depths:3 | Reached skill level 15 in Maces & Flails
 43963 | Depths:3 | Noticed Parghit
 44751 | Depths:4 | Entered Level 4 of the Depths
 45157 | Depths:3 | Voluntarily entered the Abyss.
 45253 | Abyss:4  | Reached ***** piety under the Shining One
 45314 | Abyss:5  | Found a corrupted altar of Lugonu.
 45319 | Abyss:5  | Found a corrupted altar of Lugonu.
 45320 | Abyss:5  | Got an abyssal rune of Zot
 45453 | Abyss:6  | Noticed a bone dragon
 45461 | Abyss:6  | Noticed a bone dragon
 45467 | Abyss:6  | Noticed a bone dragon
 45468 | Abyss:6  | Reached ****** piety under the Shining One
 45471 | Abyss:6  | Identified a +6 eudemon blade of holy wrath (a +4 demon
                  | blade of flaming blessed by the Shining One)
 45471 | Abyss:6  | Received a gift from the Shining One
 45550 | Abyss:6  | Noticed a bone dragon
 45572 | Abyss:6  | Reached XP level 21. HP: 52/170 MP: 34/39
 45620 | Depths:3 | Escaped the Abyss
 46179 | Vaults:1 | Entered Level 1 of the Vaults
 46232 | Vaults:1 | Lost mutation: You are partially covered in iridescent
                  | scales. (AC +2) [potion of mutation]
 46232 | Vaults:1 | Lost mutation: Your system is resistant to poisons. (rPois)
                  | [potion of mutation]
 46232 | Vaults:1 | Gained mutation: You occasionally lose the ability to drink
                  | potions when taking damage. [potion of mutation]
 46232 | Vaults:1 | Gained mutation: Your spells are a little harder to cast,
                  | but a little more powerful. [potion of mutation]
 46232 | Vaults:1 | Gained mutation: You are partially covered in iridescent
                  | scales. (AC +2) [potion of mutation]
 46233 | Vaults:1 | Lost mutation: Your spells are a little harder to cast, but
                  | a little more powerful. [potion of mutation]
 46233 | Vaults:1 | Lost mutation: You occasionally lose the ability to drink
                  | potions when taking damage. [potion of mutation]
 46233 | Vaults:1 | Lost mutation: Your body sometimes deteriorates upon taking
                  | damage. [potion of mutation]
 46233 | Vaults:1 | Gained mutation: You are strong-willed. (Will+) [potion of
                  | mutation]
 46233 | Vaults:1 | Gained mutation: You have supernaturally acute eyesight.
                  | (SInv) [potion of mutation]
 46233 | Vaults:1 | Gained mutation: Armour fits poorly on your strangely
                  | shaped body. [potion of mutation]
 46233 | Vaults:1 | Gained mutation: You are mostly covered in iridescent
                  | scales. (AC +4) [potion of mutation]
 46240 | Vaults:1 | You fall into a shaft and drop 1 floor!
 46562 | Vaults:1 | Reached skill level 20 in Short Blades
 46733 | Vaults:1 | HP: 7/171 [ironbound thunderhulk/bolt of lightning (15)]
 48275 | Vaults:1 | Reached skill level 15 in Long Blades
 48275 | Vaults:1 | Reached skill level 15 in Axes
 48275 | Vaults:1 | Reached skill level 15 in Polearms
 48275 | Vaults:1 | Reached skill level 15 in Staves
 48275 | Vaults:1 | Reached skill level 15 in Ranged Weapons
 48275 | Vaults:1 | Reached skill level 15 in Throwing
 48275 | Vaults:1 | Reached skill level 15 in Dodging
 48275 | Vaults:1 | Reached skill level 15 in Stealth
 48275 | Vaults:1 | Reached skill level 15 in Unarmed Combat
 48275 | Vaults:1 | Reached skill level 15 in Spellcasting
 48275 | Vaults:1 | Reached skill level 15 in Evocations
 48766 | Vaults:2 | Found a portal to a secret trove of treasure.
 48810 | Vaults:2 | You paid a toll of 8 potions of haste to enter a treasure
                  | trove
 48811 | Trove    | Entered a treasure trove
 48813 | Trove    | Found a bloodstained altar of Trog.
 48833 | Trove    | Identified the +7 rapier "Wuizur" {flame, Int+3 Dex+6}
 48849 | Trove    | Identified the +3 broad axe of Calamity {vorpal, rN++
                  | Will+}
 48851 | Trove    | Identified the +6 trident "Cookie Cutter" {vorpal, Will+}
 48883 | Trove    | Identified the +4 battleaxe of Laceration {pain, rF++
                  | Will++}
 48885 | Trove    | Identified the +5 rapier of Hacking and Slashing {flame,
                  | *Rage rCorr Int+8}
 48986 | Vaults:2 | Found a staircase to the Crypt.
 48986 | Vaults:2 | Found an ancient bone altar of Kikubaaqudgha.
 48986 | Vaults:2 | Found a basalt altar of Yredelemnul.
 49656 | Depths:1 | Bought 2 potions of curing for 78 gold pieces
 49656 | Depths:1 | Bought a potion of heal wounds for 65 gold pieces
 49656 | Depths:1 | Bought a potion of resistance for 130 gold pieces
 49656 | Depths:1 | Bought a potion of resistance for 130 gold pieces
 49656 | Depths:1 | Bought a potion of magic for 104 gold pieces
 49840 | D:10     | Bought a potion of heal wounds for 140 gold pieces
 50080 | Vaults:2 | Identified the +6 sling of the Thieving Gods {freeze, rPois
                  | Dex+7}
 51209 | Crypt:1  | Entered Level 1 of the Crypt
 51287 | Crypt:1  | Reached XP level 22. HP: 171/179 MP: 38/41
 51382 | Crypt:1  | Noticed Mennas
 51413 | Crypt:1  | Killed Mennas
 52506 | Crypt:1  | Noticed Frederick
 52519 | Crypt:1  | Killed Frederick
 53250 | Vaults:3 | Reached skill level 21 in Short Blades
 53860 | Vaults:3 | Found Aschutzim's Antique Armour Emporium.
 53868 | Vaults:3 | Bought a translucent scale mail for 243 gold pieces
 53868 | Vaults:3 | Identified the +1 scale mail of the Orb Guardian {rPois rF+
                  | Int+3} (You bought it in a shop on level 3 of the Vaults)
 53868 | Vaults:3 | Bought a smoking cloak for 256 gold pieces
 53868 | Vaults:3 | Identified the +1 cloak of Least Resistance {Int+6} (You
                  | bought it in a shop on level 3 of the Vaults)
 53868 | Vaults:3 | Bought a topaz-encrusted ring mail for 243 gold pieces
 53868 | Vaults:3 | Identified the +4 ring mail "Elaejuwk" {Fly rC- Str-5 SInv}
                  | (You bought it in a shop on level 3 of the Vaults)
 53878 | Vaults:3 | Lost mutation: You are mostly covered in iridescent scales.
                  | (AC +4) [potion of mutation]
 53878 | Vaults:3 | Lost mutation: You have large cloven feet. [potion of
                  | mutation]
 53878 | Vaults:3 | Lost mutation: You are partially covered in iridescent
                  | scales. (AC +2) [potion of mutation]
 53878 | Vaults:3 | Gained mutation: Your muscles are strong. (Str +4, Int/Dex
                  | -1) [potion of mutation]
 53878 | Vaults:3 | Gained mutation: You are frail. (-10% HP) [potion of
                  | mutation]
 53879 | Vaults:3 | Lost mutation: You are agile. (Dex +4, Str/Int -1) [potion
                  | of mutation]
 53879 | Vaults:3 | Lost mutation: You are strong-willed. (Will+) [potion of
                  | mutation]
 53879 | Vaults:3 | Lost mutation: Your muscles are strong. (Str +4, Int/Dex
                  | -1) [potion of mutation]
 53879 | Vaults:3 | Gained mutation: You are agile. (Dex +4, Str/Int -1)
                  | [potion of mutation]
 53879 | Vaults:3 | Gained mutation: You have a pair of small antennae on your
                  | head. [potion of mutation]
 53880 | Vaults:3 | Lost mutation: You are agile. (Dex +4, Str/Int -1) [potion
                  | of mutation]
 53880 | Vaults:3 | Lost mutation: You are frail. (-10% HP) [potion of
                  | mutation]
 53880 | Vaults:3 | Lost mutation: You have supernaturally acute eyesight.
                  | (SInv) [potion of mutation]
 53880 | Vaults:3 | Gained mutation: You passively map a small area around you.
                  | [potion of mutation]
 53880 | Vaults:3 | Gained mutation: You expend magic power (3 MP) to
                  | strengthen your wands. [potion of mutation]
 54663 | Vaults:3 | Lost mutation: You passively map a small area around you.
                  | [potion of mutation]
 54663 | Vaults:3 | Lost mutation: You expend magic power (3 MP) to strengthen
                  | your wands. [potion of mutation]
 54663 | Vaults:3 | Lost mutation: Armour fits poorly on your strangely shaped
                  | body. [potion of mutation]
 54663 | Vaults:3 | Gained mutation: You possess an exceptional clarity of
                  | mind. [potion of mutation]
 54663 | Vaults:3 | Gained mutation: You have sharp toenails. [potion of
                  | mutation]
 55311 | Vaults:4 | Found the amulet of Vitality {RegenMP++ Regen++}
 55728 | Vaults:4 | Reached XP level 23. HP: 132/187 MP: 42/42
 56409 | Vaults:4 | Found Uzuxzobly's General Store.
 56816 | Vaults:4 | Identified the -1 pair of gloves of Syndicalism {Harm Fly
                  | Dex+4}
 56831 | Vaults:4 | Bought a scroll of blinking for 127 gold pieces
 56846 | Vaults:4 | Found Guhuwut's Weapon Shop.
 56859 | Vaults:4 | Found Foyvoatt's Distillery.
 56866 | Vaults:4 | Bought a potion of heal wounds for 100 gold pieces
 57146 | Vaults:5 | Entered Level 5 of the Vaults
 57155 | Vaults:5 | Noticed an ancient lich
 57157 | Vaults:5 | Noticed Sojobo
 57440 | Vaults:4 | Reached skill level 22 in Short Blades
 57569 | Vaults:5 | Killed an ancient lich
 57575 | Vaults:4 | Killed Sojobo
 57888 | Vaults:4 | Killed from afar by a titan

Illustrated notes

Levels and vault maps discovered:
D:1:      dpeg_arrival_pits, layout_basic, chequers_ecumenical_altar_simple
D:2:      layout_basic, roderic_lattice_a, uniq_terence
D:3:      minmay_skewed_foursquare, layout_basic, grunt_temple_overflow_open,
          gammafunk_ghost_gnarly_gnolls, roderic_serpentine_path,
          dk_noncrumbling_2
D:4:      layout_basic, amcnicky_altar_gilded, kennysheep_flooded_box,
          uniq_menkaure
D:5:      layout_loops_ring, minmay_temple_entry_statues,
          kennysheep_small_circle
D:6:      layout_loops_cross, uniq_blork_the_orc
D:7:      layout_loops_cross, dreamdust_mushroom_princess,
          minmay_stone_trees_medium, serial_bayou_ford_a,
          minmay_splitting_lines, nicolae_eternal_life, uniq_prince_ribbit1
D:8:      layout_loops_ring, mainiacjoe_overflow_alcove_2,
          gammafunk_ghost_smash, uniq_maurice
D:9:      layout_small_grid, kennysheep_orc_monster_closet_entryway,
          minmay_between
D:10:     layout_irregular_city, serial_shops, nicolae_shop_statue_plus,
          nicolae_shop_unique_rings, chequers_serial_rivers_room_b
D:11:     layout_cave_pools, grunt_lair_entry_orc_guard_hut, serial_bayou,
          serial_bayou_pond_b, serial_bayou_pond_a, serial_bayou_shore_a,
          serial_bayou_lagoon_a, grunt_ogre_cave, corexii_hall_statues_i,
          worms_lemuel
D:12:     minmay_the_grid_octo_tiled_squarecenter [minmay_the_grid_octo_focus,
          minmay_the_grid_octo_checkerflower, minmay_the_grid_octo_odd_swirl,
          minmay_the_grid_octo_horde,
          minmay_the_grid_square_5x5_megaprize_diamond,
          minmay_the_grid_square_5x5_inner_z, minmay_the_grid_square_5x5_bridge,
          minmay_the_grid_square_5x5_v, minmay_the_grid_square_5x5_seven],
          layout_loops_ring, uniq_jorgrun
D:13:     layout_rooms, serial_shops, nicolae_shop_trees, uniq_azrael
D:14:     layout_long_grid, david_vaults_1, serial_undead, serial_undead_c,
          serial_undead_d, serial_undead_c, serial_undead_c, serial_undead_a,
          serial_undead_f
D:15:     hangedman_depths_entry_try_elsewhere_first, layout_stronghold,
          minmay_misc_feat_nine_boxes, uniq_agnes
Temple:   nicolae_temple_elliptical
Lair:1:   dreamdust_cave_troll, layout_chaotic_city, grunt_megastairs_3
Lair:2:   layout_loops_ring, dummy_spider_entry, fungi_pond_lemuel,
          hangedman_tree_tricks, beast_lair_carwin_8, uniq_urug
Lair:3:   layout_gridlike, swamp_mist, grunt_megastairs_1
Lair:4:   layout_concentric_octagons, slime_entry_1, basic_altar,
          serial_bayou_shore_b, lemuel_fruit_fields
Lair:5:   hangedman_lair_in_review, layout_cave_pods, wormcave,
          infiniplex_staircase_pool
Swamp:1:  layout_basic_swamp, hangedman_swamp_diagram
Swamp:2:  layout_basic_swamp, evilmike_swamp_ruin_rubble_2, uniq_nikola
Swamp:3:  nicolae_swamp_standing_stones, layout_falls_marsh,
          portal_ice_cave_entry_ugly_swarm, evilmike_swamp_ruin_house_1
Swamp:4:  grunt_swamp_rune_castle, layout_basic_swamp, uniq_aizul
Spider:1: layout_spider_delve
Spider:2: layout_spider_delve, nicolae_orb_island, uniq_arachne
Spider:3: layout_spider_delve, hellmonk_test_site
Spider:4: grunt_spider_rune_circles, uniq_kirke
Vaults:1: v_misc_14, hangedman_vaults_nails, nicolae_vaults_little_squares_4,
          nicolae_vaults_little_squares_3, vaults_mumra_hex, serial_ice_g,
          ontoclasm_vaults_shuriken, vaults_dpeg_ring, layout_vaults_quadrants
Vaults:2: minmay_crypt_entry_necro_gods, nicolae_vaults_theta,
          nicolae_vaults_network_barrier, nicolae_vaults_network_periphery,
          v_misc_2, ontoclasm_vaults_tryst, nicolae_vaults_little_squares_3,
          hangedman_vaults_hat, vaults_room_stairs_pillars, v_misc_22,
          ontoclasm_vaults_decontamination, nicolae_vaults_little_squares_1,
          nicolae_vaults_mini_display_case, layout_vaults_omnicross,
          enter_trove_2
Vaults:3: st_lines, nicolae_vaults_little_squares_4, vaults_mumra_chevron_long,
          vaults_room_pool, v_misc_2, v_misc_29,
          nicolae_vaults_yaktaur_gun_rack, hangedman_vaults_variations,
          v_rooms_6, v_misc_9, v_misc_13, vaults_dpeg_hooks,
          vaults_dpeg_encased_lava, layout_vaults_omnibox, serial_shops,
          shop_statue
Vaults:4: nicolae_vaults_rhombus_7, nicolae_vaults_windows_and_doors_thing,
          ontoclasm_vaults_chip, ontoclasm_vaults_gateway, v_misc_3, v_misc_26,
          hangedman_vaults_stitches, ontoclasm_vaults_pinch,
          nicolae_vaults_ring_of_whatevers, nicolae_vaults_circle_grid_a,
          vaults_mumra_hexcomb, hangedman_vaults_hard_town_square,
          vaults_room_pools, layout_vaults_maze
Vaults:5: serial_shops, uniq_bai_suzhen, uniq_margery, uniq_sojobo
Crypt:1:  layout_chaotic_city, nicolae_crypt_niches, grunt_crypt_arrival_webbed,
          uniq_frederick, uniq_mennas
Depths:1: layout_cave_pools, serial_column_ruins, column_ruins_portal_squares,
          column_ruins_hut, column_ruins_temple_circle, column_ruins_open_tiny,
          column_ruins_open_tiny, column_ruins_columns_corner,
          ebering_ghost_disaster_area, hell_entry, minmay_shop_grid_forest,
          grunt_qazlal_sundering
Depths:2: minmay_nine_rooms, layout_basic, enter_ziggurat_e, abyss_entry,
          grunt_hell_entry_dis_mu, rand_demon_pan_entry_3, serial_shops, shop,
          evilmike_ruin_ashenzari
Depths:3: regret_index_qazlal_generations, layout_gridlike, grunt_hell_horde,
          hangedman_abyss_entry_splay, uniq_parghit
Depths:4: grunt_zot_entry_funnels, layout_cave_pools, hangedman_geh_valley

Skill      XL: |  1  2  3  4  5  6  7  8  9 10 11 12 13 14 15 16 17 18 19 20 21 22 23 |
---------------+----------------------------------------------------------------------+-----
Invocations    | 1 2 3 4 5 6 7 8 10 11 12 13 14 15 16 17 | 17.7
Short Blades   | 1 2 3 4 6 7 9 11 12 13 14 15 16 17 18 19 20 21 22 | 22.1
Long Blades    | 1 2 3 4 5 6 7 8 9 10 11 12 13 14 15 16 | 16.3
Axes           | 1 2 3 4 5 6 7 8 9 10 11 12 13 14 15 16 | 16.3
Polearms       | 1 2 3 4 5 6 7 8 9 10 11 12 13 14 15 16 | 16.3
Staves         | 1 2 3 4 5 6 7 8 9 10 11 12 13 14 15 16 | 16.3
Ranged Weapons | 1 2 3 4 5 6 7 8 9 10 11 12 13 14 15 16 | 16.3
Throwing       | 1 2 3 4 5 6 7 8 9 10 11 12 13 14 15 16 | 16.3
Dodging        | 1 2 3 4 5 6 7 8 9 10 11 12 13 14 15 16 | 16.3
Stealth        | 1 2 3 4 5 6 7 8 9 10 11 12 13 14 15 16 | 16.3
Unarmed Combat | 1 2 3 4 5 6 7 8 9 10 11 12 13 14 15 16 | 16.3
Spellcasting   | 1 2 3 4 5 6 7 8 9 10 11 12 13 14 15 16 | 16.3
Evocations     | 1 2 3 4 5 6 7 8 9 10 11 12 13 14 15 16 | 16.3
Conjurations   | 1 2 3 4 5 6 7 8 9 10 11 12 13 | 13.9
Hexes          | 1 2 3 4 5 6 7 8 9 10 11 12 13 | 13.9
Summonings     | 1 2 3 4 5 6 7 8 9 10 11 12 13 | 13.9
Necromancy     | 1 2 3 4 5 6 7 8 9 10 11 12 13 | 13.9
Translocations | 1 2 3 4 5 6 7 8 9 10 11 12 13 | 13.9
Transmutations | 1 2 3 4 5 6 7 8 9 10 11 12 13 | 13.9
Fire Magic     | 1 2 3 4 5 6 7 8 9 10 11 12 13 | 13.9
Ice Magic      | 1 2 3 4 5 6 7 8 9 10 11 12 13 | 13.9
Air Magic      | 1 2 3 4 5 6 7 8 9 10 11 12 13 | 13.9
Earth Magic    | 1 2 3 4 5 6 7 8 9 10 11 12 13 | 13.9
Poison Magic   | 1 2 3 4 5 6 7 8 9 10 11 12 13 | 13.9
Maces & Flails | 5 6 7 8 9 10 11 12 13 14 15 16 | 16.9
Fighting       | 7 8 9 10 11 12 13 14 15 16 17 | 17.4
Armour         | 7 8 9 10 11 12 13 14 15 16 17 | 17.4
Shields        | 7 8 9 10 11 12 13 14 15 16 17 | 17.4

Action                   |  1- 3 |  4- 6 |  7- 9 | 10-12 | 13-15 | 16-18 | 19-21 | 22-24 || total
-------------------------+-------+-------+-------+-------+-------+-------+-------+-------++-------
Melee: Flail             |    92 |    89 |   209 |       |     7 |   201 |   350 |       ||   948
       Bite              |    12 |     6 |    42 |    86 |   251 |   336 |   404 |   172 ||  1309
       War axe           |       |       |   142 |    61 |       |       |       |       ||   203
       Dire flail        |       |       |       |   274 |       |       |       |       ||   274
       Scimitar          |       |       |       |   209 |  1370 |  1419 |   874 |       ||  3872
       Rapier            |       |       |       |       |       |    18 |       |       ||    18
       Eudemon blade     |       |       |       |       |       |       |   611 |   724 ||  1335
 Fire: Shortbow          |       |       |     1 |     3 |       |       |       |       ||     4
       Sling             |       |       |       |     1 |       |       |       |       ||     1
Throw: Boomerang         |       |       |    16 |       |       |       |       |       ||    16
       Dart              |       |       |       |    20 |    11 |       |       |       ||    31
       Javelin           |       |       |       |       |       |     4 |       |       ||     4
 Cast: Blink             |       |       |       |     1 |     7 |    30 |     3 |       ||    41
       Conjure Flame     |       |       |       |     1 |       |       |       |       ||     1
       Manifold Assault  |       |       |       |       |     3 |     1 |    10 |     1 ||    15
       Stone Arrow       |       |       |       |       |    32 |   117 |   117 |    35 ||   301
       Animate Armour    |       |       |       |       |     2 |     4 |       |       ||     6
       Hailstorm         |       |       |       |       |       |     4 |     5 |     3 ||    12
       Irradiate         |       |       |       |       |       |     2 |     2 |       ||     4
       Fireball          |       |       |       |       |       |       |     2 |       ||     2
       Lightning Bolt    |       |       |       |       |       |       |     5 |       ||     5
       Fulminant Prism   |       |       |       |       |       |       |     3 |       ||     3
Invok: Heal Other        |       |       |     4 |     7 |     5 |     3 |       |       ||    19
       Heal Self         |       |       |       |     8 |    20 |    12 |     1 |       ||    41
       Purification      |       |       |       |     1 |     2 |     3 |       |       ||     6
       Divine Vigour     |       |       |       |       |     1 |       |       |       ||     1
       Cleansing Flame   |       |       |       |       |       |       |    19 |     8 ||    27
       Divine Shield     |       |       |       |       |       |       |     5 |     2 ||     7
       Summon Divine War |       |       |       |       |       |       |     2 |     1 ||     3
       Brand Weapon With |       |       |       |       |       |       |     1 |       ||     1
Evoke: Wand              |       |       |       |    19 |    12 |       |       |       ||    31
       Tin of tremorston |       |       |       |       |       |     2 |       |       ||     2
       Box of beasts     |       |       |       |       |       |     1 |       |       ||     1
  Use: Scroll            |       |    10 |     5 |    11 |     9 |    16 |    20 |     5 ||    76
       Potion            |       |     8 |     3 |       |       |     6 |    17 |    10 ||    44
 Stab: Sleeping          |       |       |       |     2 |     9 |     2 |       |       ||    13
       Distracted        |       |       |       |       |     2 |     3 |       |       ||     5
       Petrifying        |       |       |       |       |     1 |       |       |       ||     1
Armor: Scale mail        |    33 |       |       |   175 |   547 |       |       |       ||   755
       Chain mail        |    18 |    48 |   220 |    73 |       |       |       |       ||   359
       Skin              |       |     1 |       |     1 |       |       |       |       ||     2
       Plate armour      |       |       |       |       |   334 |   995 |   533 |   115 ||  1977
Dodge: Dodged            |    32 |    26 |   164 |   290 |   882 |  1033 |   641 |   191 ||  3259
Block: Buckler           |    17 |    18 |   117 |    13 |       |       |       |       ||   165
       Kite shield       |       |       |       |   148 |  1276 |  1747 |  1522 |   579 ||  5272
       Reflection        |       |       |       |       |       |       |    30 |    28 ||    58
